 Dungeon Crawl Stone Soup version 0.22-a0-252-gcace5d2d35 (webtiles) character file.

35 BoonShekel the Skirmisher (level 3, -2/24 HPs)
             Began as a Gargoyle Monk on Mar 1, 2018.
             Slain by a worm (6 damage)
             ... on level 1 of the Dungeon on Mar 2, 2018.
             The game lasted 00:02:34 (754 turns).

BoonShekel the Skirmisher (Gargoyle Monk)            Turns: 754, Time: 00:02:35

Health: -2/24      AC:  9    Str: 14    XL:     3   Next: 33%
Magic:  3/3        EV: 10    Int: 10    God:
Gold:   36         SH:  0    Dex: 13    Spells: 2/2 levels left

rFire    . . .     SeeInvis .   a - +0 mace
rCold    . . .     Gourm    .   (no shield)
rNeg     + . .     Faith    .   j - +0 scale mail
rPois    ∞         Spirit   .   (no helmet)
rElec    +         Reflect  .   (no cloak)
rCorr    .         Harm     .   (no gloves)
MR       .....                  (no boots)
Stlth    +.........             (no amulet)
HPRegen  0.08/turn              (no ring)
MPRegen  0.08/turn              (no ring)

@: no status effects
A: negative energy resistance 1, electricity resistance, unbreathing,
petrification resistance, rot immunity, AC +3
a: no special abilities


You were on level 1 of the Dungeon.
You were not hungry.

You visited 1 branch of the dungeon, and saw 2 of its levels.

You collected 36 gold pieces.

Inventory:

Hand Weapons
 a - a +0 mace (weapon)
Armour
 b - a +0 robe
 j - a +0 scale mail (worn)
Scrolls
 e - a scroll of teleportation
Potions
 f - a potion of flight {unknown}
 i - 2 potions of curing {unknown}
Comestibles
 c - 2 rations
 d - 3 chunks of flesh


   Skills:
 + Level 3.8 Fighting
 + Level 3.5 Maces & Flails
 + Level 2.8 Dodging
 - Level 2.1 Stealth


You had 2 spell levels left.
You didn't know any spells.

Dungeon Overview and Level Annotations

Branches:
Dungeon (2/15)

Altars:


Innate Abilities, Weirdness & Mutations

You are resistant to torment.
Your stone body is resilient. (AC +3)
You are immune to poison.
You resist negative energy. (rN+)
You are resistant to electric shocks. (rElec)
You can survive without breathing.
You are immune to petrification.
You are immune to rotting.


Message History

* * * LOW HITPOINT WARNING * * *
You barely miss the worm.
The worm is moderately wounded.
The worm bites you.
* * * LOW HITPOINT WARNING * * *
You sock the worm!
The worm is heavily wounded.
The worm bites you but does no damage.
You hit the worm.
The worm is heavily wounded.
You hit the worm.
The worm is severely wounded.
The worm barely misses you.
You hit the worm.
The worm is almost dead.
The worm barely misses you.
You hit the worm.
You kill the worm!
The worm bites you.
You die...

#####.## #.........## ##...
.......# #...#####..###....
####...# ##.## ###...##..
#...# #.# ######..
#...##########.# #..
#...#.......##.# ####### #..
####...#.#####.#>.#####.....#
#..
.).............)w....##.....#
###
....(........#.#@###........#
#.
........)....#.#.######.....#
#. ##.#..............#
#.....####.
#.#....########.##
###........ #.........# #.#
#.#####.. #.#.....#.# #.#
####.#####.. #.......#.#
#.#####.......##..
#.#.....#.#
#.......##.##.##..
#.#.##..#.#
##########........


You could see a worm.

Vanquished Creatures
  An ooze (D:1)
  A worm (D:1)
  2 dart slugs (D:1)
  2 bats (D:1)
  A giant cockroach (D:1)
  A goblin (D:1)
  2 hobgoblins (D:1)
  4 jackals (D:1)
  3 kobolds (D:1)
  A ball python (D:1)
  2 frilled lizards (D:1)
  3 rats (D:1)
23 creatures vanquished.

Notes
Turn   | Place    | Note
-------+----------+-------------------------------------------
     0 | D:1      | BoonShekel the Gargoyle Monk began the quest for the Orb.
     0 | D:1      | Reached XP level 1. HP: 14/14 MP: 1/1
   104 | D:1      | Reached XP level 2. HP: 18/19 MP: 2/2
   545 | D:1      | Reached XP level 3. HP: 24/24 MP: 3/3
   754 | D:1      | Slain by a worm

Vault maps used:
D:1:      doesnt_arrival_eight_statues
D:2:      kiku_gazebo_garden_becter, uniq_terence

Action                   || total
-------------------------++-------
Melee: Mace              ||    95
  Use: Scroll            ||     3
 Stab: Sleeping          ||     1
Armor: Robe              ||     5
       Scale mail        ||    32
Dodge: Dodged            ||    67

Table legend:
 A = Spawn XP
 B = Non-spawn XP
 C = Spawn XP percentage of total XP
 D = Spawn monster count
 E = Non-spawn monster count
 F = Spawn count percentage of total count
 G = Total turns spent on level
                    A         B        C        D         E        F      G
               +---------+---------+-------+---------+---------+-------+---------
         Total |       0 |      50 |   0.0 |       0 |      23 |   0.0 |   754
               +---------+---------+-------+---------+---------+-------+---------
           D:1 |       0 |      50 |   0.0 |       0 |      23 |   0.0 |   746
               +---------+---------+-------+---------+---------+-------+---------
